AoeStats
← [Marty]TheEY

Arena

509057061Analyzed
4v4 RM · 8d ago on Sep 25, 2026· 41m 33s· 8 players
Game mode
Random Map
Map size
Large (8 player)
Population
200
Speed
Normal
Resources
Standard
Victory
Conquest
Starting age
Dark Age
Ending age
Imperial Age
RankedLock teamsTeams togetherTeam positionsShared explorationLock speedFull tech treeHidden civsTurbo modeCheats
Victory
Defeat
🇨🇳 Spanish · China
1506
+14
1490
+15
🇭🇰 Magyars · Hong Kong SAR China
1484
+15
1353
+21
🇦🇷 Wei · Argentina
1496
-18
🇦🇷 Goths · Argentina
1471
-17
🇳🇴 Malians · Norway
1453
-16
🇺🇸 Hindustanis · United States
1406
-14
DC-Jota
10:39 Feudal Age
14:29 Castle Age
12:20 Double-Bit Axe
12:57 Horse Collar
14:32 Town Watch
18:52 Loom
23:02 Stone Mining
24:47 Town Patrol
25:24 Wheelbarrow
25:38 Heavy Plow
29:06 Imperial Age
26:46 Gold Mining
27:32 Hand Cart
28:00 Bloodlines
27:50 Husbandry
28:08 Town Patrol
28:55 Gold Shaft Mining
28:56 Stone Shaft Mining
28:47 Husbandry
29:16 Scale Mail Armor
29:26 Forging
29:07 Fletching
31:13 Chemistry
30:30 Chain Mail Armor
29:39 Man-at-Arms
30:11 Heavy Camel Rider
30:13 Light Cavalry
31:07 Long Swordsman
31:09 Pikeman
32:42 Fortified Wall
PNAL | Trafalgar
10:27 Feudal Age
14:24 Castle Age
12:16 Loom
14:32 Castle Age
13:12 Double-Bit Axe
13:09 Horse Collar
15:49 Bow Saw
16:00 Heavy Plow
20:26 Town Watch
21:46 Wheelbarrow
22:49 Fletching
24:21 Bodkin Arrow
26:52 Hand Cart
27:09 Ballistics
27:06 Padded Archer Armor
28:03 Elite Skirmisher
31:33 Squires
31:13 Pikeman
32:13 Scale Mail Armor
34:59 Imperial Age
33:05 Leather Archer Armor
33:29 Man-at-Arms
34:56 Chain Mail Armor
34:26 Long Swordsman
35:19 Forging
36:33 Conscription
35:56 Two-Handed Swordsman
PNAL | ale_petro
8:55 Feudal Age
9:25 Double-Bit Axe
9:33 Horse Collar
15:54 Gold Mining
19:13 Castle Age
20:21 Bow Saw
20:16 Heavy Plow
20:53 Gold Shaft Mining
26:34 Wheelbarrow
28:29 Imperial Age
27:24 Bloodlines
27:14 Husbandry
28:01 Forging
27:57 Scale Barding Armor
29:34 Iron Casting
29:13 Stone Mining
30:15 Conscription
30:33 Elite Tiger Cavalry
33:13 Chain Barding Armor
37:40 Ming Guang Armor
PNAL | Machete
6:07 Loom
8:13 Feudal Age
13:02 Fletching
20:30 Horse Collar
20:48 Double-Bit Axe
25:10 Gold Mining
27:07 Wheelbarrow
29:22 Castle Age
30:41 Bodkin Arrow
30:31 Crossbowman
34:56 Imperial Age
33:23 Masonry
33:28 Fortified Wall
33:09 Guard Tower
37:49 Chemistry
37:15 Arbalester
39:25 Thumb Ring
灯窝森曾瑞卜药方松滴
9:18 Loom
11:03 Feudal Age
12:46 Fletching
21:46 Horse Collar
21:52 Double-Bit Axe
27:14 Castle Age
27:41 Gold Mining
27:58 Bodkin Arrow
28:39 Guard Tower
29:32 Crossbowman
31:39 Padded Archer Armor
32:26 Thumb Ring
34:44 Wheelbarrow
36:33 Forging
36:28 Scale Barding Armor
36:33 Forging
36:28 Scale Barding Armor
37:19 Bow Saw
37:13 Husbandry
40:51 Imperial Age
39:15 Iron Casting
39:00 Chain Barding Armor
39:15 Iron Casting
39:18 Heavy Plow
41:28 Leather Archer Armor
41:36 Ballistics
玩印度的哥们硬不起来
4:22 Loom
11:00 Feudal Age
14:36 Castle Age
12:20 Horse Collar
12:48 Double-Bit Axe
15:30 Heavy Plow
16:15 Wheelbarrow
15:53 Bow Saw
16:39 Heavy Plow
21:57 Gold Mining
23:40 Hand Cart
24:49 Scale Mail Armor
28:28 Imperial Age
27:09 Chain Mail Armor
26:57 Champi Runner
27:03 Pikeman
27:45 Squires
27:30 Arson
27:30 Champi Runner
28:36 Forging
28:16 Champi Warrior
28:32 Capped Ram
29:50 Plate Mail Armor
29:56 Iron Casting
29:38 Elite Champi Warrior
30:40 Siege Ram
34:47 Blast Furnace
34:15 Halberdier
36:18 Crop Rotation
40:37 Padded Archer Armor
[Marty]TheEY
10:15 Feudal Age
14:08 Castle Age
12:01 Horse Collar
12:27 Double-Bit Axe
15:14 Bow Saw
17:59 Wheelbarrow
20:16 Loom
27:34 Imperial Age
26:21 Scale Barding Armor
26:35 Hand Cart
26:25 Heavy Plow
27:26 Bloodlines
27:17 Husbandry
27:38 Cavalier
28:40 Chain Barding Armor
31:38 Plate Barding Armor
30:55 Fletching
31:27 Ballistics
32:10 Parthian Tactics
32:14 Gold Mining
32:15 Stone Mining
33:29 Chemistry
33:14 Bodkin Arrow
34:04 Bracer
33:26 Heavy Cavalry Archer
34:12 Thumb Ring
35:30 Recurve Bow
35:50 Conscription
35:19 Paladin
38:03 Coinage
39:31 Padded Archer Armor
39:39 Siege Engineers
[QHB] Noel Vermillion
10:30 Feudal Age
14:22 Castle Age
13:46 Padded Archer Armor
13:54 Double-Bit Axe
13:51 Horse Collar
22:06 Bow Saw
24:38 Leather Archer Armor
27:12 Heavy Plow
28:27 Bloodlines
28:18 Husbandry
28:48 Gold Mining
28:49 Stone Mining
30:55 Loom
31:51 Wheelbarrow
36:06 Imperial Age
35:15 Scale Barding Armor
35:21 Forging
37:08 Chain Barding Armor
37:24 Iron Casting
36:16 Cavalier
37:23 Light Cavalry
38:43 Plate Barding Armor
39:09 Blast Furnace
38:33 Conscription
37:48 Paladin
39:24 Elite Conquistador
40:43 Ring Archer Armor
Connection lost

Rejoining the realm…

Still unreachable

The connection could not be restored.

Session expired

The server has moved on; the page needs a fresh start.